 Dungeon Crawl Stone Soup version 0.25-a0-253-g6f1b5d974a (webtiles) character file.

Game seed: 15686695310876870451, levelgen mode: classic

18500 Borgoz the Carver (level 12, 0/78 HPs)
             Began as a Gargoyle Fighter on Dec 6, 2019.
             Was a High Priest of Okawaru.
             Slain by a hornet (10 damage)
             ... on level 12 of the Dungeon.
             The game lasted 00:35:18 (13603 turns).

Borgoz the Carver (Gargoyle Fighter)               Turns: 13603, Time: 00:35:18

Health: 0/78       AC: 16    Str: 27    XL:     12   Next: 59%
Magic:  12/12      EV: 15    Int:  8    God:    Okawaru [*****.]
Gold:   597        SH:  0    Dex: 13    Spells: 11/11 levels left

rFire    . . .     SeeInvis +   a - +0 great sword
rCold    + . .     Gourm    .   (shield currently unavailable)
rNeg     + . .     Faith    .   m - +1 ring mail {rC+}
rPois    ∞         Spirit   .   (no helmet)
rElec    +         Reflect  .   x - +2 cloak {+Inv}
rCorr    .         Harm     .   u - +2 pair of gloves
MR       .....     Rnd*Tele +   (no boots)
Stlth    +.........             t - amulet of regeneration
HPRegen  0.63/turn              z - ring of see invisible
MPRegen  0.13/turn              E - ring of teleportation (curse)

@: mighty, corroded, hasted, very quick
A: negative energy resistance 1, electricity resistance, unbreathing,
petrification resistance, rot immunity, AC +8
a: Heroism, Finesse, Renounce Religion, Evoke Invisibility


You were on level 12 of the Dungeon.
You worshipped Okawaru.
Okawaru was extremely pleased with you.
You were completely stuffed.

You visited 2 branches of the dungeon, and saw 13 of its levels.
You also visited: Sewer and Ossuary.

You collected 597 gold pieces.

Inventory:

Hand Weapons
 a - a +0 great sword (weapon)
 b - a +1 scimitar of holy wrath
Missiles
 o - 2 javelins (quivered)
Armour
 c - a +0 shield
 m - a +1 ring mail of cold resistance (worn)
 n - a +0 scale mail
 u - a +2 pair of gloves (worn)
 x - a +2 cloak of invisibility (worn)
Jewellery
 l - an uncursed ring of flight
 s - an uncursed amulet of the gourmand
 t - an amulet of regeneration (around neck)
 z - a ring of see invisible (left hand)
 E - a cursed ring of teleportation (right hand)
Wands
 e - a wand of flame (26)
 B - a wand of polymorph (9)
Scrolls
 g - 4 scrolls of blinking
 h - a scroll of identify
 j - 9 scrolls of teleportation
 q - 7 scrolls of remove curse
 w - a scroll of enchant weapon {unknown}
 y - a scroll of enchant armour
 A - a scroll of magic mapping
 C - 2 scrolls of fog
 F - a scroll of random uselessness {unknown}
Potions
 i - a potion of haste
 k - 3 potions of curing
 p - 4 potions of agility
 r - 5 potions of flight
 v - a potion of mutation
 D - a potion of magic
Comestibles
 f - 32 rations


   Skills:
 + Level 10.5 Fighting
 * Level 11.9 Long Blades
 + Level 10.5 Armour
 + Level 7.7 Dodging
 - Level 3.2 Shields


You had 11 spell levels left.
You didn't know any spells.
Your spell library was empty.

Dungeon Overview and Level Annotations

Branches:
Dungeon (12/15)            Temple (1/1) D:4            Lair (0/6) D:11
  Sewer (visited)         Ossuary (visited)
    Orc: D:9-12

Altars:
Ashenzari
Cheibriados
Dithmenos
Elyvilon
Fedhas
Gozag
Hepliaklqana
Kikubaaqudgha
Makhleb
Nemelex Xobeh
Okawaru
Qazlal
Ru
Sif Muna
Trog
Uskayaw
Vehumet
Wu Jian
Xom
Yredelemnul
Zin
The Shining One

Shops:
D:11 %


Innate Abilities, Weirdness & Mutations

You are resistant to torment.
Your stone body is resilient. (AC +8)
You are immune to poison.
You resist negative energy. (rN+)
You are resistant to electric shocks. (rElec)
You can survive without breathing.
You are immune to petrification.
You are immune to rotting.


Message History

Okay, then.
You feel yourself speed up. The hornet misses you.
The polar bear bites you but does no damage.
The polar bear closely misses you. The polar bear barely misses you.
You slash the hornet!
The hornet is moderately wounded.
The hornet stings you but does no damage.
You hit the hornet.
The hornet is moderately wounded.
The hornet stings you but does no damage.
The polar bear bites you but does no damage.
The polar bear closely misses you. The polar bear barely misses you.
The hornet stings you!
* * * LOW HITPOINT WARNING * * *
You slice the polar bear!!
The polar bear is heavily wounded.
The polar bear bites you but does no damage.
The polar bear claws you but does no damage. x2
The hornet stings you!
You die...

....##
..... #
.... .#
##.P.P..#
...._P?#
#..P./.#
#yhh...#
#@# ###


You could see 2 polar bears and a hornet.

Vanquished Creatures
  Josephine (D:10)
  4 two-headed ogres
  A tengu warrior (D:9)
  2 unseen horrors
  An ugly thing (D:9)
  Maurice (D:8)
  A manticore (D:11)
  2 kobold demonologists
  A troll (D:11)
  3 hornets
  3 hippogriffs
  6 wraiths
  Grum (D:10)
  8 yaks
  A hungry ghost (D:8)
  Edmund (D:5)
  3 wargs (D:10)
  An acid dragon (D:11)
  A water moccasin (D:9)
  Duvessa (D:6)
  8 orc warriors
  3 ice beasts
  3 black bears
  3 necrophages
  2 phantoms
  4 sky beasts
  6 centaurs
  11 ogres
  4 wolves
  2 big kobolds
  2 elf zombies
  A crocodile (D:7)
  4 bullfrogs
  Dowan (D:6)
  2 scorpions (D:7)
  4 killer bees (D:10)
  4 howler monkeys
  5 wights
  7 crimson imps
  2 bullfrog zombies
  8 hounds
  4 human zombies
  A centaur zombie (Ossuary)
  14 orc priests
  2 bullfrog skeletons
  A gnoll shaman (D:4)
  3 jellies
  13 orc wizards
  A human skeleton (D:9)
  3 iguanas
  10 worker ants
  A killer bee zombie (D:10)
  2 big kobold zombies (Ossuary)
  A hound zombie (D:10)
  5 mummies
  A howler monkey zombie (D:9)
  A worker ant zombie (D:7)
  8 gnolls
  9 adders
  2 river rats (D:5)
  5 shadow imps
  4 oozes
  3 adder zombies
  An adder skeleton (D:6)
  4 worms
  9 leopard geckos
  43 orcs
  10 giant cockroaches
  11 goblins
  3 hobgoblins
  15 jackals
  19 kobolds
  2 quokkas
  5 ball pythons
  A ball python skeleton (D:5)
  8 bats
  9 frilled lizards
  3 goblin zombies (Ossuary)
  14 hobgoblin zombies (Ossuary)
  A jackal zombie (Ossuary)
  5 kobold zombies (Ossuary)
  A leopard gecko skeleton (D:5)
  9 orc zombies
  A quokka skeleton (D:8)
  20 rats
  2 bushes (D:1)
  2 plants (D:1)
421 creatures vanquished.

Vanquished Creatures (others)
  2 jackals (D:10)
  3 plants (D:7)
5 creatures vanquished.

Grand Total: 426 creatures vanquished

Notes
Turn   | Place    | Note
-------+----------+-------------------------------------------
     0 | D:1      | Borgoz the Gargoyle Fighter began the quest for the Orb.
     0 | D:1      | Reached XP level 1. HP: 14/14 MP: 1/1
    80 | D:1      | Reached skill level 2 in Long Blades
   112 | D:1      | Reached XP level 2. HP: 18/19 MP: 2/2
   254 | D:1      | Reached XP level 3. HP: 20/23 MP: 3/3
  1009 | D:2      | Reached skill level 1 in Dodging
  1060 | D:2      | Reached XP level 4. HP: 20/29 MP: 4/4
  1481 | D:2      | Found an ornate altar of the Wu Jian Council.
  1536 | D:2      | Found an opulent altar of Gozag.
  1899 | D:3      | Reached skill level 3 in Long Blades
  2004 | D:3      | Reached XP level 5. HP: 33/33 MP: 5/5
  2390 | D:3      | Reached XP level 6. HP: 27/38 MP: 6/6
  2507 | D:3      | Found a sparkling altar of Nemelex Xobeh.
  2688 | D:4      | Reached skill level 4 in Long Blades
  3013 | D:4      | Found a staircase to the Ecumenical Temple.
  3046 | Temple   | Entered the Ecumenical Temple
  3058 | Temple   | Became a worshipper of Warmaster Okawaru
  3290 | D:4      | Reached XP level 7. HP: 39/44 MP: 7/7
  3474 | D:4      | Found a snail-covered altar of Cheibriados.
  3498 | D:4      | Reached skill level 5 in Fighting
  3828 | D:4      | Reached skill level 5 in Armour
  4140 | D:4      | Reached skill level 5 in Long Blades
  4276 | D:5      | Entered Level 5 of the Dungeon
  4289 | D:5      | Found a sacrificial altar of Ru.
  4289 | D:5      | Found a white marble altar of Elyvilon.
  4333 | D:5      | Found a sand-covered staircase.
  4338 | Ossuary  | Entered an ossuary
  4419 | Ossuary  | Reached * piety under Okawaru
  4453 | Ossuary  | Reached XP level 8. HP: 10/50 MP: 8/8
  4759 | D:5      | Found a glowing drain.
  4763 | Sewer    | Entered a sewer
  5039 | Sewer    | Found a white marble altar of Elyvilon.
  5443 | D:5      | Reached skill level 6 in Long Blades
  5446 | D:5      | Reached ** piety under Okawaru
  5755 | D:5      | Noticed Edmund
  5776 | D:5      | Killed Edmund
  5902 | D:6      | Reached XP level 9. HP: 53/56 MP: 9/9
  5990 | D:6      | Noticed Duvessa
  5990 | D:6      | Noticed Dowan
  6005 | D:6      | Killed Duvessa
  6005 | D:6      | Reached skill level 7 in Long Blades
  6013 | D:6      | Killed Dowan
  7379 | D:6      | Reached *** piety under Okawaru
  7782 | D:7      | Reached skill level 8 in Long Blades
  7998 | D:7      | Reached XP level 10. HP: 54/63 MP: 10/10
  8039 | D:7      | Reached skill level 5 in Dodging
  8512 | D:8      | Noticed a two-headed ogre
  8570 | D:8      | Noticed a two-headed ogre
  8584 | D:8      | Killed a two-headed ogre
  8584 | D:8      | Reached **** piety under Okawaru
  8596 | D:8      | Reached skill level 9 in Long Blades
  8721 | D:8      | Noticed Maurice
  8743 | D:8      | Paralysed by something for 5 turns
  8751 | D:8      | Paralysed by something for 4 turns
  8771 | D:8      | Killed a two-headed ogre
  8794 | D:8      | Killed Maurice
  9033 | D:8      | You fall into a shaft and drop 1 floor!
  9523 | D:8      | Identified a scroll of acquirement
  9562 | D:9      | Reached XP level 11. HP: 69/69 MP: 11/11
  9682 | D:9      | Found a blossoming altar of Fedhas.
  9791 | D:9      | Reached ***** piety under Okawaru
  9801 | D:9      | Found a basalt altar of Yredelemnul.
  9908 | D:9      | Reached skill level 10 in Long Blades
 10103 | D:9      | Received a gift from Okawaru
 10122 | D:9      | Got a scorched cloak {god gift}
 10133 | D:9      | Identified the -7 cloak "Pecob" {rElec rN+ MR+} (Okawaru
                  | gifted it to you on level 9 of the Dungeon)
 10233 | D:9      | Noticed a tengu warrior
 10236 | D:9      | Noticed an unseen horror
 10274 | D:9      | Noticed a two-headed ogre
 10279 | D:9      | Noticed a green ugly thing
 10292 | D:9      | Killed a tengu warrior
 10294 | D:9      | Killed an unseen horror
 10300 | D:9      | Killed a two-headed ogre
 10310 | D:9      | Killed a green ugly thing
 10924 | D:10     | Entered Level 10 of the Dungeon
 10924 | D:10     | Noticed Grum
 11082 | D:10     | Killed Grum
 11136 | D:10     | Noticed an unseen horror
 11158 | D:10     | Killed an unseen horror
 11184 | D:10     | Noticed Josephine
 11418 | D:10     | Reached skill level 11 in Long Blades
 11430 | D:10     | Received a gift from Okawaru
 11683 | D:9      | Reached XP level 12. HP: 60/77 MP: 12/12
 11860 | D:10     | Reached skill level 10 in Armour
 11873 | D:10     | Reached skill level 10 in Fighting
 12093 | D:10     | Killed Josephine
 12103 | D:10     | Received a gift from Okawaru
 12774 | D:11     | Found a staircase to the Lair.
 13249 | D:11     | Found Xuyfeq's Food Shoppe.
 13253 | D:11     | Noticed a two-headed ogre
 13258 | D:11     | Killed a two-headed ogre
 13575 | D:11     | Noticed a seven-headed hydra
 13587 | D:12     | Found a bloodstained altar of Trog.
 13603 | D:12     | Slain by a hornet

Levels and vault maps discovered:
D:1:      evilmike_arrival_rings, layout_rooms, lexackson_kobold_supper
D:2:      layout_basic, nicolae_overflow_crystal_walls, marbit_many_paths,
          first_ration
D:3:      layout_basic, nemelex_altar_shiori
D:4:      layout_loops_corners, minmay_temple_entry_slanted, lemuel_tele_altar
D:5:      layout_cave_pools, old_standard_altar, basic_altar,
          nicolae_ossuary_entry_false_entrances, gup_sewer_entry_spiral,
          uniq_edmund
D:6:      layout_cave_pods, kennysheep_dice, uniq_duvessa
D:7:      layout_cave_pools, minmay_lizard_king
D:8:      layout_cave_pools, uniq_maurice
D:9:      layout_basic, fedhas_altar_4, lemuel_mausoleum_altar_yredelemnul,
          grunt_pizzeria, minmay_fractal_squares_gapless_7
D:10:     layout_irregular_city, uniq_josephine, uniq_grum
D:11:     layout_roguey, erik_lair_orcish_takeover, serial_shops,
          kennysheep_mini_moat
D:12:     layout_basic, erik_orc_1, gauntlet_entry_generic, serial_shops, shop,
          trog_ov_bears_minmay
Temple:   lightli_temple_of_artemis

Skill      XL: |  1  2  3  4  5  6  7  8  9 10 11 12 |
---------------+-------------------------------------+-----
Long Blades    | 2 3 4 5 6 8 9 11 | 11.9
Dodging        | 1 2 3 4 6 7 |  7.7
Fighting       | 4 5 6 7 8 9 10 | 10.5
Armour         | 4 5 6 7 8 9 10 | 10.5
Shields        | |  3.2

Action                   |  1- 3 |  4- 6 |  7- 9 | 10-12 || total
-------------------------+-------+-------+-------+-------++-------
Melee: Long sword        |   340 |   204 |   604 |   706 ||  1854
       Great sword       |       |       |       |   131 ||   131
       Scimitar          |       |       |       |     6 ||     6
Evoke: Wand              |       |     7 |     4 |    14 ||    25
  Use: Scroll            |       |       |    14 |     7 ||    21
       Potion            |       |       |     7 |    12 ||    19
  Eat: Chunk             |     2 |     7 |    28 |    26 ||    63
Armor: Scale mail        |    90 |   104 |   193 |   258 ||   645
       Skin              |       |       |   142 |       ||   142
       Ring mail         |       |       |    86 |   251 ||   337
Dodge: Dodged            |    49 |    70 |   252 |   713 ||  1084
Block: Shield            |    79 |    90 |   199 |       ||   368
       Rpst.: Long sword |    15 |    26 |    76 |   153 ||   270
       Great sword       |       |       |       |    54 ||    54
       Scimitar          |       |       |       |     1 ||     1

Table legend:
 A = Non-vault XP
 B = Vault XP
 C = Vault XP percentage of total XP
 D = Non-vault monster count
 E = Vault monster count
 F = Vault count percentage of total count
                 A         B        C        D         E       F
            +---------+---------+-------+---------+---------+-------
      Total |   16524 |    9905 |  37.5 |     293 |     124 |  29.7
            +---------+---------+-------+---------+---------+-------
        D:1 |      47 |      11 |  19.0 |      28 |       8 |  22.2
        D:2 |      57 |       2 |   3.4 |      21 |       1 |   4.5
        D:3 |     270 |       0 |   0.0 |      32 |       0 |   0.0
        D:4 |     611 |       0 |   0.0 |      24 |       0 |   0.0
        D:5 |     611 |     215 |  26.0 |      13 |       9 |  40.9
        D:6 |    1354 |     251 |  15.6 |      24 |       3 |  11.1
        D:7 |    1441 |     109 |   7.0 |      34 |       9 |  20.9
        D:8 |    3096 |     503 |  14.0 |      26 |       1 |   3.7
        D:9 |    2211 |    5386 |  70.9 |      35 |      27 |  43.5
       D:10 |    3126 |    2875 |  47.9 |      38 |      14 |  26.9
       D:11 |    3264 |     124 |   3.7 |      16 |       4 |  20.0
       D:12 |     436 |       0 |   0.0 |       2 |       0 |   0.0
      Sewer |       0 |     115 | 100.0 |       0 |       9 | 100.0
    Ossuary |       0 |     314 | 100.0 |       0 |      39 | 100.0
            +---------+---------+-------+---------+---------+-------
